AoeStats
← caaruizma

Nomad

509778258Analyzed
2v2 RM · 5d ago on Sep 28, 2026· 75m 47s· 4 players
Game mode
Random Map
Map size
176×176
Population
200
Speed
Normal
Resources
Standard
Victory
Conquest
Starting age
Dark Age
Ending age
Imperial Age
RankedLock teamsTeams togetherTeam positionsShared explorationLock speedFull tech treeHidden civsTurbo modeCheats
Victory
Defeat
🇨🇴 Britons · Colombia
1129
+14
🇨🇴 Persians · Colombia
1128
+14
🇹🇷 Turks · Türkiye
1111
-15
🇨🇴 Maya · Colombia
1055
-13
Black Death
3:39 Loom
17:01 Feudal Age
17:43 Double-Bit Axe
17:50 Stone Mining
18:10 Gold Mining
18:30 Fishing Lines
20:32 Scale Barding Armor
25:50 Castle Age
25:48 Forging
25:50 Bloodlines
27:20 Wheelbarrow
27:19 Chain Barding Armor
28:49 Bow Saw
28:51 Husbandry
31:15 Gold Shaft Mining
30:21 Horse Collar
38:22 Imperial Age
36:00 Gillnets
37:20 Hand Cart
37:10 Town Watch
38:20 Padded Archer Armor
40:59 Conscription
42:07 Leather Archer Armor
42:52 Plate Barding Armor
42:53 Iron Casting
45:49 Blast Furnace
48:41 Leather Archer Armor
52:56 Ring Archer Armor
51:59 Elite Janissary
53:00 Conscription
59:40 Cavalier
adac1296
11:02 Loom
13:14 Feudal Age
19:22 Horse Collar
23:41 Castle Age
21:36 Town Watch
22:30 Scale Mail Armor
22:42 Forging
24:13 Wheelbarrow
23:33 Fletching
24:39 Pikeman
29:00 Hand Cart
30:41 Padded Archer Armor
37:14 Bodkin Arrow
40:08 Leather Archer Armor
39:58 Double-Bit Axe
40:28 Hul'che Javelineers
40:41 Elite Skirmisher
54:28 Crossbowman
57:27 Ballistics
57:56 Thumb Ring
caaruizma
13:13 Feudal Age
17:02 Castle Age
18:38 Horse Collar
18:42 Fishing Lines
30:27 Fletching
34:16 Imperial Age
32:23 Wheelbarrow
31:35 Loom
31:40 Town Watch
33:27 Bodkin Arrow
35:53 Ballistics
36:34 Chemistry
35:26 Gambesons
35:46 Squires
35:34 Arson
35:22 Pikeman
37:07 Conscription
37:36 Double-Bit Axe
37:34 Halberdier
40:27 Bracer
40:33 Scale Barding Armor
40:31 Padded Archer Armor
40:43 Forging
40:33 Scale Mail Armor
41:42 Elite Longbowman
43:00 Hand Cart
42:53 Siege Engineers
42:56 Heavy Plow
43:08 Bow Saw
43:56 Leather Archer Armor
44:17 Iron Casting
43:57 Chain Mail Armor
45:17 Two-Man Saw
47:40 Blast Furnace
47:11 Ring Archer Armor
48:38 Yeomen
48:22 Warwolf
53:23 Plate Mail Armor
60:14 Town Patrol
62:58 Stone Mining
63:00 Gold Mining
64:56 Man-at-Arms
65:40 Long Swordsman
66:47 Two-Handed Swordsman
67:46 Champion
71:38 Spies/Treason
74:07 Gold Shaft Mining
74:57 Scale Barding Armor
75:29 Hoardings
74:32 Sappers
75:08 Demolition Ship
75:30 Heavy Demolition Ship
cfosorioq
5:03 Loom
12:41 Feudal Age
19:43 Castle Age
19:36 Fletching
24:03 Man-at-Arms
25:02 Long Swordsman
41:36 Bloodlines
55:44 Scale Barding Armor
62:03 Chain Barding Armor
65:47 Wheelbarrow
70:37 Imperial Age
69:26 Medium Warships
69:28 Double-Bit Axe
Connection lost

Rejoining the realm…

Still unreachable

The connection could not be restored.

Session expired

The server has moved on; the page needs a fresh start.